 Dungeon Crawl Stone Soup version 0.27-a0-870-gc4bfac4 (webtiles) character file.

Game seed: 8431266482461475899

221 Nithhogg the Chopper (level 5, -1/47 HPs)
             Began as a Minotaur Fighter on Apr 2, 2021.
             Slain by a quasit (2 damage)
             ... on level 3 of the Dungeon.
             The game lasted 00:06:45 (3087 turns).

Nithhogg the Chopper (Minotaur Fighter)             Turns: 3087, Time: 00:06:46

Health: -1/47      AC:  7    Str: 21      XL:     5   Next: 65%
Magic:  4/4        EV: 10    Int:  5      God:
Gold:   89         SH:  0    Dex:  5 (10) Spells: 4/4 levels left

rFire    . . .     SeeInvis .   a - +0 war axe
rCold    . . .     Faith    .   (no shield)
rNeg     . . .     Spirit   .   b - +0 scale mail
rPois    .         Reflect  .   (helmet restricted)
rElec    .         Harm     .   (no cloak)
rCorr    .         Rampage  .   (no gloves)
Will     .....                  (no boots)
Stlth    ..........             (no amulet)
HPRegen  0.15/turn              (no ring)
MPRegen  0.09/turn              (no ring)

@: no status effects
A: horns 2, retaliatory headbutt
a: no special abilities


You were on level 3 of the Dungeon.
You visited 1 branch of the dungeon, and saw 3 of its levels.

You collected 89 gold pieces.

Inventory:

Hand Weapons
 a - a +0 war axe (weapon)
 j - a +1 vorpal flail
Armour
 b - a +0 scale mail (worn)
 c - a +0 kite shield
Wands
 i - a wand of random effects (25)
Scrolls
 e - a scroll of fear


   Skills:
 + Level 4.5 Fighting
 * Level 4.7 Axes
 + Level 4.6 Armour
 + Level 2.4 Dodging
 - Level 3.6 Shields
 + Level 1.2 Evocations


You had 4 spell levels left.
You didn't know any spells.
Your spell library contained the following spells:

 Spells                   Type           Power      Damage    Failure   Level
 Magic Dart               Conj           0%         1d3       80%         1
 Blink                    Tloc           N/A        N/A       91%         2
 Call Imp                 Summ           0%         N/A       91%         2
 Slow                     Hex            0%         N/A       91%         2
 Confusing Touch          Hex            0%         N/A       99%         3
 Conjure Flame            Conj/Fire      0%         6-21      99%         3
 Gell's Gravitas          Tloc           0%         N/A       99%         3
 Mephitic Cloud           Conj/Pois/Air  0%         N/A       99%         3
 Petrify                  Tmut/Erth      0%         N/A       100%        4
 Metabolic Englaciation   Hex/Ice        0%         N/A       100%        5
 Yara's Violent Unravell  Hex/Tmut       0%         3d3       100%        5


Dungeon Overview and Level Annotations

Branches:
Dungeon (3/15)

Altars:
Sif Muna

Annotations:
D:3 plsesad's ghost, amateur FoFi


Innate Abilities, Weirdness & Mutations

You have a pair of horns on your head.
You reflexively headbutt those who attack you in melee.


Message History

The quasit bites you but does no damage.
The quasit claws you.
* * * LOW HITPOINT WARNING * * *
The quasit claws you but does no damage.
The quasit bites you.
* * * LOW HITPOINT WARNING * * *
The quasit closely misses you. The quasit barely misses you.
There is a transporter here.
You enter the transporter and appear at another place.
The quasit bites you but does no damage.
The quasit claws you but does no damage.
The quasit barely misses you.
The quasit bites you but does no damage.
The quasit barely misses you. The quasit closely misses you.
You miss the quasit.
The quasit bites you but does no damage.
The quasit claws you but does no damage.
The quasit barely misses you.
You closely miss the quasit. Your headbutt misses the quasit.
The quasit closely misses you. The quasit barely misses you. x2
The quasit bites you but does no damage.
The quasit claws you but does no damage.
The quasit claws you.
* * * LOW HITPOINT WARNING * * *
You feel clumsy.
You miss the quasit.
The quasit bites you but does no damage.
The quasit barely misses you. The quasit closely misses you.
You closely miss the quasit. Your headbutt misses the quasit.
The quasit closely misses you. x2; The quasit barely misses you.
The quasit closely misses you. You furiously retaliate!
You headbutt the quasit, but do no damage.
The quasit claws you but does no damage.
The quasit claws you.
* * * LOW HITPOINT WARNING * * *
You miss the quasit. The quasit bites you.
* * * LOW HITPOINT WARNING * * *
The quasit claws you but does no damage.
The quasit barely misses you. The quasit bites you.
You die...

.........#..# #..####.###
.#...###.#..# #..##.....##
.#.#..##.#..#####.....###..#
..................#####.##.##
....#......#.....##......#..#
##..............##....#..##.#
#....#....#..##.#©..#...#.#.#####
>............##5##.W##.#..#......
#.....#..#......@#.#...#.##..####
................##.....#$#...# #
...#...##.......#...#©.=)#©..# #
####........###.#.#...#..#..##
#...#..#...##.##.#.....##.#
#..........##..#$..#.#..#.#
#..#....#..###.#...#.#..#.#
##..........# #.#.......##.#
#..#......#.# #.###...###..#


You could see a quasit.

Vanquished Creatures
  A quasit (D:3)
  Terence (D:2)
  An orc wizard (D:3)
  3 gnolls (D:3)
  3 adders (D:2)
  2 worms (D:3)
  4 orcs (D:3)
  7 endoplasms
  2 giant cockroaches
  5 goblins
  5 hobgoblins
  6 jackals (D:1)
  5 quokkas
  5 ball pythons
  6 bats
  6 frilled lizards
  6 kobolds
  5 rats
73 creatures vanquished.

Notes
Turn   | Place    | Note
-------+----------+-------------------------------------------
     0 | D:1      | Nithhogg the Minotaur Fighter began the quest for the Orb.
     0 | D:1      | Reached XP level 1. HP: 19/19 MP: 0/0
   150 | D:1      | Reached XP level 2. HP: 27/27 MP: 1/1
   419 | D:1      | Reached skill level 1 in Dodging
   573 | D:1      | Reached XP level 3. HP: 33/33 MP: 2/2
  1279 | D:2      | Reached XP level 4. HP: 38/40 MP: 3/3
  1296 | D:2      | Noticed Terence
  1302 | D:2      | Killed Terence
  1801 | D:3      | Found a shimmering blue altar of Sif Muna.
  1855 | D:3      | Noticed plsesad's ghost (amateur FoFi)
  1870 | D:3      | Found a transporter.
  2046 | D:3      | Reached XP level 5. HP: 18/47 MP: 4/4
  2415 | D:3      | Found a transporter.
  2460 | D:3      | Reached skill level 1 in Evocations
  3079 | D:3      | HP: 2/47 [quasit (1)]
  3084 | D:3      | HP: 2/47 [quasit (1)]
  3087 | D:3      | Slain by a quasit

Illustrated notes

Levels and vault maps discovered:
D:1:      lemuel_arrival_broad_hall, layout_basic
D:2:      layout_rooms, minmay_circled_x, uniq_terence
D:3:      layout_loops_ring, lemuel_round_altar, gammafunk_ghost_stat_death,
          cheibrodos_sewer_entry_bend, minmay_misc_feat_more_columns,
          minmay_misc_feat_doors

Skill      XL: |  1  2  3  4  5 |
---------------+----------------+-----
Axes           | 3 4 |  4.7
Dodging        | 1 2 |  2.4
Fighting       | 4 |  4.5
Armour         | 4 |  4.6
Evocations     | 1 |  1.2
Shields        | |  3.6

Action                   |  1- 3 |  4- 6 || total
-------------------------+-------+-------++-------
Melee: War axe           |    82 |    79 ||   161
       Headbutt          |     8 |    17 ||    25
  Use: Scroll            |       |     4 ||     4
       Potion            |       |     2 ||     2
Armor: Scale mail        |    38 |    82 ||   120
Dodge: Dodged            |    50 |    88 ||   138

Table legend: (Time is in decaauts)
 A = Elapsed time spent in this place.
 B = Non-inter-level travel time spent in this place.
 C = Inter-level travel time spent in this place.
 D = Time resting spent in this place.
 E = Time spent auto-exploring this place.
 F = Levels seen in this place.
 G = Mean time per level.
                   A        B        C        D        E       F      G
               +--------+--------+--------+--------+--------+-----+--------+
         Total |   3142 |   3051 |     91 |      0 |   2430 |   3 | 1047.3 |
       Dungeon |   3142 |   3051 |     91 |      0 |   2430 |   3 | 1047.3 |
               +--------+--------+--------+--------+--------+-----+--------+

Top non-repeatable levels by time:
     D:3: 1319 daAuts
     D:1: 1010 daAuts
     D:2: 812 daAuts
